 Dungeon Crawl Stone Soup version 0.30-a0-1043-g60ff8d5f49 (webtiles) character file.

Game seed: 911911798680883335

1745 fozzywoppz the Covered (level 8, 0/73 HPs)
             Began as a Minotaur Fighter on Apr 7, 2023.
             Was a Follower of Okawaru.
             Slain by a large slime creature (31 damage)
             ... on level 7 of the Dungeon on Apr 10, 2023.
             The game lasted 00:09:26 (4547 turns).

fozzywoppz the Covered (Minotaur Fighter)           Turns: 4547, Time: 00:09:26

Health: 0/73       AC: 15    Str: 20    XL:     8   Next: 77%
Magic:  8/8        EV: 15    Int:  5    God:    Okawaru [*.....]
Gold:   216        SH:  0    Dex: 13    Spells: 7/7 levels left

rFire   + . .      SeeInvis .    a - +0 war axe
rCold   . . .      Faith    .    c - +0 buckler
rNeg    . . .      Spirit   .    p - +0 chain mail
rPois   .          Reflect  .    (helmet restricted)
rElec   .          Rampage  .    r - +0 cloak
rCorr   .                        (no gloves)
Will    .....                    t - +0 pair of boots Stlth
                                 (no amulet)
HPRegen 0.32/turn                e - +5 ring of evasion
MPRegen 0.11/turn                b - ring of protection from fire

@: confused, mighty, heroic, ambrosia-drunk
A: horns 2, retaliatory headbutt
a: Renounce Religion, Heroism


You were on level 7 of the Dungeon.
You worshipped Okawaru.
Okawaru was aware of your devotion.
You visited 2 branches of the dungeon, and saw 8 of its levels.
You also visited: Sewer.

You collected 216 gold pieces.

Inventory:

Hand Weapons
 a - a +0 war axe (weapon)
Missiles
 m - 4 throwing nets (quivered)
Armour
 c - a +0 buckler (worn)
 p - a +0 chain mail (worn)
 r - a +0 cloak (worn)
 t - a +0 pair of boots (worn)
Jewellery
 b - a ring of protection from fire (right hand)
 e - a +5 ring of evasion (left hand)
Wands
 f - a wand of digging (5)
Scrolls
 i - 3 scrolls of amnesia
 j - 3 scrolls of teleportation
 n - a scroll of blinking
 s - a scroll of identify
 u - a scroll of silence {unknown}
 v - a scroll of fog {unknown}
Potions
 d - 3 potions of might
 g - a potion of mutation {unknown}
 h - 5 potions of curing
 k - 2 potions of brilliance
 o - 2 potions of haste
 q - 2 potions of flight


   Skills:
 + Level 7.3(12.3) Fighting
 + Level 6.7(11.7) Axes
 + Level 7.4(12.4) Armour
 + Level 7.3(12.3) Shields
 + Level 1.7 Invocations
 - Level 2.3 Evocations


You had 7 spell levels left.
You didn't know any spells.
Your spell library contained the following spells:

 Spells                   Type           Power      Damage    Failure   Level
 Magic Dart               Conj           0%         1d3       97%         1
 Cigotuvi's Dreadful Rot  Necr/Pois/Air  0%         N/A       99%         2
 Ensorcelled Hibernation  Hex/Ice        0%         N/A       99%         2
 Passwall                 Tmut/Erth      0%         N/A       99%         2
 Searing Ray              Conj           0%         2d4       99%         2
 Sublimation of Blood     Necr           0%         N/A       99%         2
 Gell's Gravitas          Tloc           0%         N/A       100%        3
 Ignite Poison            Fire/Tmut/Pois 0%         N/A       100%        3
 Swiftness                Air            0%         N/A       100%        3
 Teleport Other           Tloc           0%         N/A       100%        3
 Fulminant Prism          Conj/Hex       0%         3d5       100%        4
 Petrify                  Tmut/Erth      0%         N/A       100%        4
 Freezing Cloud           Conj/Ice/Air   0%         6-21      100%        5
 Irradiate                Conj/Tmut      0%         3d11      100%        5
 Dispersal                Tloc           0%         N/A       100%        6


Dungeon Overview and Level Annotations

Branches:
Dungeon (7/15)             Temple (1/1) D:5           Sewer (visited)

Altars:
Cheibriados
Dithmenos
Elyvilon
Fedhas
Gozag
Hepliaklqana
Kikubaaqudgha
Nemelex Xobeh
Okawaru
Qazlal
Ru
Uskayaw
Vehumet
Wu Jian
Xom
Yredelemnul
Zin
The Shining One


Innate Abilities, Weirdness & Mutations

You have a pair of horns on your head.
You reflexively headbutt those who attack you in melee.


Message History

You barely miss the slime creature. You headbutt the slime creature!
The slime creature is moderately wounded.
You slash the slime creature! You slash the large slime creature!
You block the slime creature's attack. The slime creature hits you!
You hit the slime creature.
The slime creature is moderately wounded.
You slash the slime creature! You slash the large slime creature!
You hit the slime creature.
You block the slime creature's attack. x2
The slime creature completely misses you.
Unknown command.
You hit the slime creature.
The slime creature is moderately wounded.
You hit the large slime creature. You barely miss the slime creature.
You slash the slime creature!
The slime creature hits you but does no damage.
A large slime creature splits.
The slime creature hits you! The slime creature closely misses you.
You slash the slime creature!
The slime creature is heavily wounded.
You barely miss the slime creature. You hit the slime creature.
You slash the slime creature! x2; The slime creature hits you.
The slime creature hits you! The slime creature hits you.
The slime creature hits you!
* * * LOW HITPOINT WARNING * * *
The slime creature hits you but does no damage.
Unknown command.
Blink to where?
Press: ? - help, Dir - move target
As you read the scroll of blinking, it crumbles to dust.
Two slime creatures merge to form a large slime creature. x2
Okay, then.
You feel very mighty all of a sudden.
You are confused.
You feel invigorated.
Two slime creatures merge to form a very large slime creature.
Two slime creatures merge to form an enormous slime creature.
You bump into the rock wall.
The large slime creature attacks as you move away!
The large slime creature hits you!!
You die...

##...## #... ##.## #..# #.#
#.# #.# #..# #.###.##### #.#
#..## #.........# #+## #...#
#.........# #...##
##.#.###..##.##..# #.....#
##................# ##.......
#..........##.#.@J####..J.....
.............#.....YJ'..Y.....
#...#.##.#..###...####........
#..#..##.#.## ##..# ##.......
#.##.###.#..###.#.# #......
#.##.# #.#.#.#.##.# #...##
#.##.###.#.##.###.# #+##
#...>....#........#
####.######......##


You could see an enormous slime creature, a large slime creature and an ice
beast.

Vanquished Creatures
  3 water moccasins
  A black bear (D:4)
  2 ice beasts
  A sky beast (D:6)
  2 orc warriors
  A centaur (D:6)
  2 phantoms
  3 jellies
  An orc priest (D:7)
  4 hounds
  4 iguanas
  A sleepcap (D:6)
  5 orc wizards
  5 adders
  2 river rats (D:3)
  A shadow imp (D:7)
  2 ufetubi
  4 worms
  A dart slug (D:5)
  11 orcs
  3 ball pythons
  4 endoplasms
  A giant cockroach (D:3)
  6 goblins
  4 hobgoblins
  9 jackals
  3 kobolds
  2 quokkas
  A frilled lizard (D:3)
  5 rats
94 creatures vanquished.

Notes
Turn   | Place    | Note
-------+----------+-------------------------------------------
     0 | D:1      | fozzywoppz the Minotaur Fighter began the quest for the
                  | Orb.
     0 | D:1      | Reached XP level 1. HP: 19/19 MP: 0/0
    30 | D:1      | You fall into a shaft and drop 1 floor!
    42 | D:2      | Reached XP level 2. HP: 27/27 MP: 1/1
   216 | D:2      | Reached XP level 3. HP: 31/33 MP: 2/2
   232 | D:2      | Found a faded altar of an unknown god.
   472 | D:2      | Identified the +3 hand axe of Exquisite Torment {venom,
                  | Dex+4}
   521 | D:2      | Found a hazy altar of Hepliaklqana.
   768 | D:3      | Reached XP level 4. HP: 38/41 MP: 3/3
   789 | D:3      | Found a glowing drain.
   793 | Sewer    | Entered a sewer
   847 | Sewer    | Noticed a water moccasin
   853 | Sewer    | Killed a water moccasin
   854 | Sewer    | Reached XP level 5. HP: 43/47 MP: 4/4
  1593 | D:4      | Reached skill level 5 in Armour
  1680 | D:4      | Found a white marble altar of Elyvilon.
  1726 | D:4      | Noticed an ice beast
  1729 | D:4      | Reached skill level 5 in Fighting
  1737 | D:4      | Killed an ice beast
  1738 | D:4      | Reached skill level 5 in Shields
  1738 | D:4      | Reached XP level 6. HP: 56/56 MP: 5/5
  2241 | D:5      | Entered Level 5 of the Dungeon
  2267 | D:5      | Found a stormy altar of Qazlal.
  2403 | D:5      | Found a staircase to the Ecumenical Temple.
  2552 | D:5      | Reached XP level 7. HP: 62/62 MP: 6/6
  2562 | D:5      | Found a hide-covered altar of Uskayaw.
  2563 | D:5      | Reached skill level 5 in Axes
  2776 | D:6      | Reached skill level 1 in Evocations
  2957 | D:6      | Reached XP level 8. HP: 48/71 MP: 7/7
  3081 | Temple   | Entered the Ecumenical Temple
  3158 | Temple   | Became a worshipper of Warmaster Okawaru
  3863 | D:7      | Upgraded the game from 0.30-a0-1018-g25214051b3 to
                  | 0.30-a0-1043-g60ff8d5f49
  4070 | D:7      | Found a shimmering altar of Xom.
  4070 | D:7      | Found a shimmering altar of Xom.
  4071 | D:7      | Found a shimmering altar of Xom.
  4143 | D:7      | Found a shimmering altar of Xom.
  4143 | D:7      | Found a shimmering altar of Xom.
  4144 | D:7      | Found a shimmering altar of Xom.
  4145 | D:7      | Found a shimmering altar of Xom.
  4148 | D:7      | Found a shimmering altar of Xom.
  4225 | D:7      | Reached * piety under Okawaru
  4297 | D:7      | Reached skill level 1 in Invocations
  4532 | D:7      | Noticed a slime creature
  4532 | D:7      | Noticed a slime creature
  4532 | D:7      | Noticed a slime creature
  4532 | D:7      | Noticed a slime creature
  4532 | D:7      | Noticed a slime creature
  4535 | D:7      | Noticed a slime creature
  4547 | D:7      | Slain by a large slime creature

Illustrated notes

Levels and vault maps discovered:
D:1:      minmay_arrival_nine_rooms, layout_loops_ring
D:2:      layout_rooms, hellmonk_ecumenical_altar_dog_temple, basic_altar,
          roderic_serpentine_path, chequers_decorated_corner
D:3:      layout_basic, gup_sewer_entry_spiral
D:4:      layout_loops_cross, mainiacjoe_overflow_alcove_2, grunt_ministairs_14
D:5:      layout_rooms, general_overflow_altar, eat_drink_and_be_merry_uskayaw,
          minmay_temple_entry_from_below_a
D:6:      layout_cave_pools, kennysheep_small_spiral
D:7:      layout_loops_corners, xom_shifter_show
Temple:   jpeg_temple_clearing

Skill      XL: |  1  2  3  4  5  6  7  8 |
---------------+-------------------------+-----
Fighting       | 4 5 6 7 |  7.3
Armour         | 4 5 6 7 |  7.4
Shields        | 4 5 6 7 |  7.3
Axes           | 3 4 5 6 |  6.7
Evocations     | 1 2 |  2.3
Invocations    | 1 |  1.7

Action                     |  1- 3 |  4- 6 |  7- 9 || total
---------------------------+-------+-------+-------++-------
  Melee: War axe           |    62 |    81 |   132 ||   275
         Headbutt          |     5 |    17 |    23 ||    45
 Invoke: Heroism           |       |       |     1 ||     1
    Use: Scroll            |     1 |       |    10 ||    11
         Potion            |       |       |     2 ||     2
 Armour: Scale mail        |    23 |    17 |       ||    40
         Chain mail        |       |     7 |    60 ||    67
  Dodge: Dodged            |    34 |    58 |    75 ||   167
  Block: Buckler           |    19 |    21 |    44 ||    84

Table legend: (Time is in decaauts)
 A = Elapsed time spent in this place.
 B = Non-inter-level travel time spent in this place.
 C = Inter-level travel time spent in this place.
 D = Time resting spent in this place.
 E = Time spent auto-exploring this place.
 F = Levels seen in this place.
 G = Mean time per level.
                   A        B        C        D        E       F      G
               +--------+--------+--------+--------+--------+-----+--------+
         Total |   4685 |   4556 |    129 |    127 |   3131 |   9 |  520.6 |
       Dungeon |   4435 |   4326 |    109 |    127 |   3127 |   7 |  633.6 |
        Temple |     98 |     78 |     20 |      0 |      1 |   1 |   98.0 |
         Sewer |    151 |    151 |      0 |      0 |      3 |   1 |  151.0 |
               +--------+--------+--------+--------+--------+-----+--------+

Top non-repeatable levels by time:
     D:6: 1030 daAuts
     D:3: 785 daAuts
     D:4: 737 daAuts
     D:7: 691 daAuts
     D:2: 637 daAuts
     D:5: 523 daAuts
   Sewer: 151 daAuts
  Temple: 98 daAuts
     D:1: 30 daAuts
